 Dungeon Crawl Stone Soup version 0.18.1-5-g4a78601 (webtiles) character file.

170 LORDOFBUTT the Skirmisher (level 5, -2/42 HPs)
             Began as a Demonspawn Berserker on May 10, 2016.
             Was a Priest of Trog.
             Slain by an orc
             ... wielding a +0 hand axe
              (6 damage)
             ... on level 3 of the Dungeon.
             The game lasted 00:03:38 (1475 turns).

LORDOFBUTT the Skirmisher (Demonspawn Berserker)    Turns: 1475, Time: 00:03:39

Health: -2/42      AC: 11    Str: 17    XL:     5   Next: 26%
Magic:  5/5        EV: 10    Int:  8    God:    Trog [***...]
Gold:   180        SH:  0    Dex: 11    Spells: 0 memorised, 4 levels left

rFire  . . .     SeeInvis +     a - +0 spear
rCold  + . .     Gourm    .     i - +0 scale mail
rNeg   . . .     Faith    +     (no shield)
rPois  .         Spirit   .     (no helmet)
rElec  .         Dismiss  .     e - +0 cloak (curse)
rCorr  .         Reflect  .     (no gloves)
SustAt .         Harm     .     (no boots)
MR     .....                    j - amulet of faith
Stlth  ..........               p - ring of see invisible
                                d - -2 ring of dexterity (curse)

@: lethally poisoned (-2 -> -3), not resistant to hostile enchantments,
extremely unstealthy
A: hooves 1, rough black scales 1, cold resistance 1
a: Berserk, Trog's Hand, Burn Spellbooks, Renounce Religion


You were on level 3 of the Dungeon.
You worshipped Trog.
Trog was most pleased with you.
You were not hungry.

You visited 1 branch of the dungeon, and saw 3 of its levels.

You collected 180 gold pieces.

Inventory:

Hand Weapons
 a - a +0 spear (weapon)
Armour
 e - a cursed +0 cloak (worn)
 i - a +0 scale mail (worn)
Jewellery
 d - a cursed -2 ring of dexterity (left hand)
 j - an amulet of faith (around neck)
 p - a ring of see invisible (right hand)
Scrolls
 g - 2 scrolls of identify
 n - a scroll of remove curse {unknown}
Potions
 b - a potion of berserk rage {unknown}
 f - a potion of curing {unknown}
 h - 2 potions of heal wounds {unknown}
 k - a potion of haste
 l - a potion of invisibility {unknown}
 m - a potion of cure mutation
Comestibles
 c - 6 bread rations
 o - 4 fruits


   Skills:
 + Level 3.8 Fighting
 + Level 3.6 Polearms
 + Level 2.5 Armour
 + Level 3.2 Dodging
 + Level 0.2 Stealth


You had 4 spell levels left.
You didn't know any spells.

Dungeon Overview and Level Annotations

Branches:
Dungeon (3/15)

Altars:


Innate Abilities, Weirdness & Mutations

You have large cloven feet.
You are partially covered in rough black scales (AC +4, Dex -1).
Your flesh is cold resistant.


Message History

The orc is lightly wounded.
The orc barely misses you.
You barely miss the orc. Your kick misses the orc.
The orc is lightly wounded.
You feel sick.
You completely miss the orc wizard. Your kick misses the orc wizard.
A hobgoblin comes into view. It is wielding a club.
The hobgoblin shouts!
You hit the orc wizard but do no damage.
Your kick misses the orc wizard.
An adder comes into view.
You hit the orc.
The orc is lightly wounded.
You feel sick.
You feel sick.
Your scale mail prevents you from hitting the orc.
Your kick misses the orc.
The orc is lightly wounded.
The orc hits you with a hand axe.
You die...

,,,****#,,,,#........# #...
,,,+,,,+.,,,+........# ##..
,,,****#..,,#.S......# #..
,,,,,,,....,#........# ###..
,,,,,,,.....#...o....########....
,,,,,,,.......o#*****#......#....
,,,,,,,......oo#######.####.#...[
,,,,,,,........o.....#.# #.#....
,,,,,,,.#######.@).(.#.# #......
,,,,,,,,* #.....(#.#**#####..
,,,,,,,,* #......((#,,,,,,.#>
,******** #......###,****#.#. ,*
######...,,* #.#. ,*
**#.###*****#(#. ,*********
*,...**,,,,,,,*, ,,,,,,,,,*
*,#..#*>*******, ********,*
*,#..,,,,,,,,,,,


You could see an orc wizard and 3 orcs.

Vanquished Creatures
  A hound (D:3)
  Terence (D:2)
  4 adders (D:2)
  An ooze (D:1)
  3 worms
  A dart slug (D:2)
  A giant gecko (D:1)
  A ball python (D:2)
  2 giant cockroaches
  3 goblins
  10 hobgoblins
  5 jackals (D:1)
  A quokka (D:3)
  5 bats (D:1)
  13 giant newts
  8 kobolds
  4 rats
64 creatures vanquished.

Notes
Turn   | Place    | Note
--------------------------------------------------------------
     0 | D:1      | LORDOFBUTT the Demonspawn Berserker began the quest for the Orb.
     0 | D:1      | Reached XP level 1. HP: 18/18 MP: 1/1
    46 | D:1      | Gained mutation: You are partially covered in rough black scales (AC +4, Dex -1). [demonic ancestry]
    46 | D:1      | Reached XP level 2. HP: 10/24 MP: 2/2
   203 | D:1      | Reached ** piety under Trog
   434 | D:1      | Gained mutation: You have large cloven feet. [demonic ancestry]
   434 | D:1      | Reached XP level 3. HP: 26/29 MP: 3/3
   932 | D:2      | Gained mutation: Your flesh is cold resistant. [demonic ancestry]
   932 | D:2      | Reached XP level 4. HP: 21/35 MP: 4/4
   958 | D:2      | Noticed Terence
  1000 | D:2      | Killed Terence
  1211 | D:3      | Reached *** piety under Trog
  1333 | D:3      | Reached XP level 5. HP: 25/42 MP: 5/5
  1475 | D:3      | Slain by an orc

Skill      XL: |  1  2  3  4 |
---------------+-------------+-----
Armour         | 2 |  2.5
Dodging        | 2 3 |  3.2
Polearms       | 3 |  3.6
Fighting       | |  3.8
Stealth        | |  0.2

Action                   |  1- 3 |  4- 6 || total
-------------------------+-------+-------++-------
Melee: Spear             |   207 |   108 ||   315
       Kick              |    24 |    25 ||    49
Invok: Berserk           |     1 |     2 ||     3
  Use: Scroll            |     1 |     1 ||     2
       Potion            |     1 |       ||     1
  Eat: Fruit             |     2 |       ||     2
       Pizza             |     1 |       ||     1
       Beef jerky        |       |     2 ||     2
Armor: Scale mail        |    87 |    45 ||   132
       Animal skin       |     9 |       ||     9
Dodge: Dodged            |   137 |    46 ||   183
